 Dungeon Crawl Stone Soup version 0.26-a0-757-g626ac9e51a (webtiles) character file.

Game seed: 17972722441079579901

5370 mg7810 the Cleaver (level 10, -1/114 HPs)
             Began as a Human Fighter on Nov 6, 2020.
             Was a Believer of Qazlal.
             Slain by Grum
             ... wielding a -2 spear
              (10 damage)
             ... on level 8 of the Dungeon on Nov 7, 2020.
             The game lasted 00:25:00 (9133 turns).

mg7810 the Cleaver (Human Fighter)                  Turns: 9133, Time: 00:25:02

Health: -1/114     AC: 29    Str: 21    XL:     10   Next: 97%
Magic:  9/13       EV:  2    Int:  8    God:    Qazlal [**....]
Gold:   481        SH: 14    Dex: 20    Spells: 9/9 levels left

rFire    . . .     SeeInvis .   a - +0 war axe
rCold    . . .     Faith    .   c - +0 kite shield
rNeg     + + +     Spirit   .   (armour currently unavailable)
rPois    +         Reflect  .   (helmet currently unavailable)
rElec    .         Harm     .   (cloak currently unavailable)
rCorr    .         Rampage  .   (gloves currently unavailable)
MR       .....     NoTele   +   (boots currently unavailable)
Stlth    ++........             (no amulet)
HPRegen  0.29/turn              z - +4 ring of protection (curse)
MPRegen  0.13/turn              K - +6 ring of dexterity

@: mighty, tree-form
A: agile 1
a: Upheaval, Renounce Religion


You were on level 8 of the Dungeon.
You worshipped Qazlal.
Qazlal was pleased with you.
You were a tree.
You visited 1 branch of the dungeon, and saw 8 of its levels.

You collected 481 gold pieces.

Inventory:

Hand Weapons
 a - a +0 war axe (weapon)
Missiles
 t - 41 poisoned darts
 v - 7 silver boomerangs
 x - 3 boomerangs
 y - a curare-tipped dart (quivered)
 A - 7 javelins
 B - 7 boomerangs of dispersal
 J - 6 datura-tipped darts
Armour
 c - a +0 kite shield (worn)
 g - a +0 hat
 j - a +0 helmet (melded)
 w - a +0 cloak (melded)
 M - a +0 plate armour (melded)
 P - a +0 pair of boots
Jewellery
 z - a cursed +4 ring of protection (left branch)
 K - a +6 ring of dexterity (right branch)
Wands
 b - a wand of random effects (10)
 D - a wand of enslavement (11)
 G - a wand of polymorph (6)
 I - a wand of disintegration (54)
 O - a wand of paralysis (8)
Scrolls
 d - 2 scrolls of fear {unknown}
 e - 9 scrolls of identify
 f - a scroll of blinking {unknown}
 i - a scroll of noise {unknown}
 m - 3 scrolls of random uselessness {unknown}
 n - 4 scrolls of magic mapping {unknown}
 o - 5 scrolls of teleportation {unknown}
 r - a scroll of enchant armour {unknown}
 s - a scroll of immolation {unknown}
 F - a scroll of amnesia {unknown}
 L - a scroll of fog {unknown}
 N - a scroll of remove curse {unknown}
Potions
 h - a potion of resistance
 k - a potion of ambrosia {unknown}
 l - a potion of brilliance {unknown}
 p - a potion of degeneration {unknown}
 u - a potion of mutation
 E - 2 potions of haste {unknown}


   Skills:
 + Level 5.7 Fighting
 + Level 8.8 Axes
 + Level 5.3 Throwing
 + Level 6.3 Armour
 + Level 2.4 Dodging
 + Level 6.2 Shields
 * Level 4.8 Invocations
 * Level 4.7 Evocations


You had 9 spell levels left.
You didn't know any spells.
Your spell library contained the following spells:

 Spells                   Type           Power        Failure   Level
 Corona                   Hex            #......      80%         1
 Ensorcelled Hibernation  Hex/Ice        #.....       90%         2
 Confusing Touch          Hex            #.......     99%         3
 Dazzling Flash           Conj/Hex       #.....       99%         3
 Tukima's Dance           Hex            #.......     99%         3


Dungeon Overview and Level Annotations

Branches:
Dungeon (8/15)             Temple (0/1) D:7
   Lair: D:8-11

Altars:
Elyvilon
Qazlal
Ru
Uskayaw
Vehumet
Zin

Shops:
D:5 }

Annotations:
D:8 Grum


Innate Abilities, Weirdness & Mutations

((You are partially covered in slimy green scales. (AC +2)))
You are agile. (Dex +2)


Message History

You block the wolf's attack. Grum hits you but does no damage.
Press: ? - help, Dir - move target cursor, f - orc warrior
Aim: an orc warrior, wielding a +0 scimitar and wearing a +0 plate armour Magma suddenly erupts from the ground!
The blast of magma engulfs Grum!!
Grum is severely wounded.
The blast of magma engulfs the orc warrior!!
The orc warrior is severely wounded.
The wolf bites you!
* * * LOW HITPOINT WARNING * * *
The wolf bites you but does no damage. The orc hits you but does no damage.
You block Grum's attack. You block the wolf's attack. The wolf bites you.
* * * LOW HITPOINT WARNING * * *
It was a potion of mutation.
You feel extremely strange.
You feel agile.
Slimy green scales grow over part of your body.
The wolf bites you but does no damage. You block the wolf's attack.
The orc barely misses you.
Grum hits you from afar with a -2 spear!
You die...

# ##.###### ..
.......#####
.#..........#
...........####. #
#.............. #.
#..............
#####$##..†!..........
#...........<°........
.<###.#....h♣##.
#†#.####h[# # #)#.#
#go#.# #)#.# #oh..#
...####)#†####≈#..#
...'................
...#.##†...###.##.#..
# #.##.##........... #
#.##.....)...#.#


You could see Grum, an orc warrior, 3 wolves and an orc.

Vanquished Creatures
  A two-headed ogre (D:8)
  Joseph (D:7)
  Maggie (D:7)
  A troll (D:7)
  Grinder (D:6)
  Sigmund (D:3)
  Eustachio (D:6)
  6 yaks (D:7)
  A wyvern (D:8)
  A water moccasin (D:8)
  Duvessa (D:7)
  2 orc warriors
  A sky beast (D:5)
  A phantom (D:7)
  2 centaurs
  An ogre (D:8)
  A wolf (D:8)
  2 big kobolds
  A bullfrog (D:8)
  Blork the orc (D:5)
  A gnoll sergeant (D:8)
  2 scorpions (D:5)
  A howler monkey (D:6)
  2 bullfrog zombies
  3 hounds
  A jelly (D:5)
  3 orc wizards
  Ijyb (D:5)
  A bullfrog skeleton (D:5)
  3 orc priests
  3 iguanas
  5 worker ants
  A killer bee zombie (D:8)
  A hound skeleton (D:5)
  13 adders
  9 gnolls
  A shadow imp (D:7)
  5 white imps
  An ufetubus (D:5)
  An ooze (D:7)
  3 adder skeletons
  2 adder zombies
  4 worms
  A dart slug (D:3)
  6 leopard geckos
  22 orcs
  5 giant cockroaches
  6 goblins
  4 hobgoblins (D:1)
  4 jackals (D:1)
  17 kobolds
  4 quokkas
  3 ball pythons
  5 bats
  3 frilled lizards
  2 quokka zombies
  8 rats
185 creatures vanquished.

Vanquished Creatures (collateral kills)
  Dowan (D:7)
  2 jackals (D:6)
3 creatures vanquished.

Vanquished Creatures (others)
  An orc priest (D:6)
  An orc wizard (D:3)
  2 plants (D:4)
4 creatures vanquished.

Grand Total: 192 creatures vanquished

Notes
Turn   | Place    | Note
-------+----------+-------------------------------------------
     0 | D:1      | mg7810 the Human Fighter began the quest for the Orb.
     0 | D:1      | Reached XP level 1. HP: 18/18 MP: 1/1
   187 | D:1      | Reached XP level 2. HP: 23/24 MP: 2/2
   480 | D:1      | Reached XP level 3. HP: 29/29 MP: 3/3
   999 | D:2      | Reached XP level 4. HP: 22/35 MP: 4/4
  1193 | D:2      | Reached skill level 3 in Axes
  1610 | D:2      | Reached XP level 5. HP: 32/41 MP: 5/5
  2519 | D:3      | Noticed Sigmund
  2526 | D:3      | Killed Sigmund
  2526 | D:3      | Reached skill level 4 in Axes
  2526 | D:3      | Reached skill level 1 in Throwing
  2526 | D:3      | Reached skill level 1 in Dodging
  2526 | D:3      | Reached XP level 6. HP: 44/48 MP: 6/6
  2827 | D:3      | Found a radiant altar of Vehumet.
  2827 | D:3      | Found a sacrificial altar of Ru.
  3000 | D:4      | Reached XP level 7. HP: 40/53 MP: 7/7
  3877 | D:4      | Reached skill level 5 in Axes
  4176 | D:5      | Entered Level 5 of the Dungeon
  4212 | D:5      | Noticed Ijyb
  4233 | D:5      | Killed Ijyb
  4316 | D:5      | Reached XP level 8. HP: 35/60 MP: 8/8
  4550 | D:5      | Found a stormy altar of Qazlal.
  4550 | D:5      | Noticed a water elemental
  4938 | D:5      | Reached skill level 1 in Evocations
  5276 | D:5      | Found Bulogyrgh's Gadget Emporium.
  5329 | D:5      | Noticed Blork the orc
  5338 | D:5      | Killed Blork the orc
  5377 | D:5      | Noticed a fire elemental
  5378 | D:5      | Noticed an air elemental
  5445 | D:5      | Found a hide-covered altar of Uskayaw.
  5447 | D:5      | Noticed a -1 dagger
  5447 | D:5      | Noticed a +0 dagger
  5698 | D:5      | Became a worshipper of Qazlal Stormbringer
  5798 | D:6      | Noticed Grinder
  5803 | D:6      | Paralysed by Grinder for 6 turns
  5810 | D:6      | Paralysed by Grinder for 3 turns
  5820 | D:6      | Killed Grinder
  5820 | D:6      | Reached skill level 6 in Axes
  5820 | D:6      | Reached skill level 5 in Shields
  5820 | D:6      | Reached skill level 1 in Invocations
  6074 | D:6      | Reached XP level 9. HP: 66/66 MP: 9/9
  6092 | D:6      | Reached skill level 5 in Armour
  6222 | D:6      | Noticed Eustachio
  6285 | D:6      | Killed Eustachio
  6888 | D:7      | Noticed a troll
  6901 | D:7      | Killed a troll
  7226 | D:7      | Noticed Maggie
  7247 | D:7      | Killed Maggie
  7247 | D:7      | Reached skill level 7 in Axes
  7258 | D:7      | Reached skill level 5 in Fighting
  7271 | D:7      | Reached XP level 10. HP: 55/74 MP: 12/12
  7293 | D:7      | Reached * piety under Qazlal
  7337 | D:7      | Reached skill level 5 in Throwing
  7759 | D:7      | Found a staircase to the Ecumenical Temple.
  7759 | D:7      | Noticed Joseph
  7785 | D:7      | Killed Joseph
  7785 | D:7      | Reached skill level 8 in Axes
  7980 | D:7      | Noticed Duvessa
  8001 | D:7      | Noticed Dowan
  8010 | D:7      | Killed Dowan
  8039 | D:7      | Killed Duvessa
  8278 | D:7      | Found a white marble altar of Elyvilon.
  8853 | D:7      | Upgraded the game from 0.26-a0-752-gcff87cac9a to
                  | 0.26-a0-757-g626ac9e51a
  8901 | D:8      | Reached ** piety under Qazlal
  8924 | D:8      | Found a glowing silver altar of Zin.
  8956 | D:8      | Noticed a two-headed ogre
  8966 | D:8      | Killed a two-headed ogre
  9120 | D:8      | Noticed Grum
  9133 | D:8      | Gained mutation: You are agile. (Dex +2) [potion of
                  | mutation]
  9133 | D:8      | Gained mutation: You are partially covered in slimy green
                  | scales. (AC +2) [potion of mutation]
  9133 | D:8      | Slain by Grum

Illustrated notes

Levels and vault maps discovered:
D:1:      dpeg_arrival_simpleton_c, layout_loops_cross
D:2:      layout_rooms
D:3:      layout_loops_ring, amethyst_overflow_temple_binary, uniq_sigmund
D:4:      layout_loops_cross, lexackson_kobold_supper
D:5:      layout_basic, dancing_weapons_uskayaw,
          nicolae_qazlal_style_of_elements, serial_shops,
          nicolae_shop_waterfront, uniq_blork_the_orc, uniq_ijyb
D:6:      layout_basic, uniq_eustachio, uniq_grinder
D:7:      layout_basic, lemuel_round_altar, minmay_temple_entry_trees,
          serial_co_window_serial, co_window_paths_b, co_window_corner_a,
          co_window_corner_a, co_window_paths_a, co_window_paths_a,
          co_window_corner_a, co_window_paths_b, co_window_of_opportunity_b,
          co_window_corner_b, co_window_broadway_c, co_window_4corner_b,
          glass_columns_b, glass_columns_a, uniq_joseph, uniq_duvessa,
          uniq_maggie
D:8:      layout_basic, zin_treasury, uniq_grum

Skill      XL: |  1  2  3  4  5  6  7  8  9 10 |
---------------+-------------------------------+-----
Axes           | 3 4 5 6 7 8 |  8.8
Throwing       | 1 2 3 4 5 |  5.3
Armour         | 4 5 6 |  6.3
Dodging        | 1 2 |  2.4
Shields        | 4 5 6 |  6.2
Fighting       | 4 5 |  5.7
Evocations     | 2 3 4 |  4.7
Invocations    | 1 3 4 |  4.8

Action                   |  1- 3 |  4- 6 |  7- 9 | 10-12 || total
-------------------------+-------+-------+-------+-------++-------
Melee: War axe           |    85 |   144 |   343 |   215 ||   787
Throw: Javelin           |       |       |     4 |       ||     4
       Dart              |       |       |    18 |     3 ||    21
Invok: Upheaval          |       |       |       |     2 ||     2
  Use: Potion            |     1 |     1 |     3 |     4 ||     9
       Scroll            |       |     2 |     3 |       ||     5
Armor: Scale mail        |    57 |    60 |    25 |       ||   142
       Skin              |       |       |    25 |    13 ||    38
       Chain mail        |       |       |   149 |       ||   149
       Plate armour      |       |       |    19 |   133 ||   152
Dodge: Dodged            |    19 |    37 |   110 |    53 ||   219
Block: Kite shield       |    50 |    77 |   206 |   179 ||   512

Table legend: (Time is in decaauts)
 A = Elapsed time spent in this place.
 B = Non-inter-level travel time spent in this place.
 C = Inter-level travel time spent in this place.
 D = Time resting spent in this place.
 E = Time spent auto-exploring this place.
 F = Levels seen in this place.
 G = Mean time per level.
                   A        B        C        D        E       F      G
               +--------+--------+--------+--------+--------+-----+--------+
         Total |   9363 |   9068 |    295 |      0 |   6985 |   8 | 1170.4 |
       Dungeon |   9363 |   9068 |    295 |      0 |   6985 |   8 | 1170.4 |
               +--------+--------+--------+--------+--------+-----+--------+

Top non-repeatable levels by time:
     D:7: 2007 daAuts
     D:5: 1590 daAuts
     D:4: 1249 daAuts
     D:6: 1184 daAuts
     D:3: 1159 daAuts
     D:2: 987 daAuts
     D:1: 900 daAuts
     D:8: 282 daAuts
